 Dungeon Crawl Stone Soup version 0.28.0-43-g3370ac3207 (webtiles) character file.

Game seed: 14831802803912472034

49 Ablot the Grasshopper (level 3, 0/31 HPs)
             Began as a Gnoll Warper on Mar 11, 2022.
             Succumbed to Crazy Yiuf's poison
             ... on level 2 of the Dungeon.
             The game lasted 00:02:40 (2235 turns).

Ablot the Grasshopper (Gnoll Warper)                Turns: 2235, Time: 00:02:41

Health: 0/31       AC:  3    Str: 12    XL:     3   Next: 75%
Magic:  9/9        EV: 12    Int: 12    God:
Gold:   85         SH:  0    Dex: 11    Spells: 10/12 levels left

rFire   . . .      SeeInvis .   a - +0 spear
rCold   . . .      Faith    .   (no shield)
rNeg    . . .      Spirit   .   b - +0 leather armour
rPois   .          Reflect  .   (no helmet)
rElec   .          Harm     .   (no cloak)
rCorr   .          Rampage  .   (no gloves)
Will    .....                   (no boots)
Stlth   +.........              (no amulet)
HPRegen 0.10/turn               (no ring)
MPRegen 0.11/turn               (no ring)

@: lethally poisoned (0 -> -10), hasted, very quick
A: fangs 1, strong nose, distributed training
a: no special abilities


You were on level 2 of the Dungeon.
You visited 1 branch of the dungeon, and saw 2 of its levels.

You collected 109 gold pieces.
You spent 24 gold pieces at shops.

Inventory:

Hand Weapons
 a - a +0 spear (weapon)
 i - a +0 hunting sling
Missiles
 d - 5 boomerangs of dispersal (quivered)
 f - 94 stones
Armour
 b - a +0 leather armour (worn)
Jewellery
 g - a ring of flight
Wands
 j - a wand of mindburst (14)
Scrolls
 c - a scroll of blinking
 e - 3 scrolls of identify
 h - 2 scrolls of teleportation {unknown}


   Skills:
 + Level 4.5 Fighting
 + Level 0.9 Short Blades
 + Level 0.9 Long Blades
 + Level 0.9 Axes
 + Level 0.9 Maces & Flails
 + Level 4.5 Polearms
 + Level 0.9 Staves
 + Level 0.9 Slings
 + Level 0.9 Bows
 + Level 0.9 Crossbows
 + Level 2.6 Throwing
 + Level 2.6 Armour
 + Level 4.5 Dodging
 + Level 0.9 Stealth
 + Level 0.9 Shields
 + Level 0.9 Unarmed Combat
 + Level 5.0 Spellcasting
 + Level 0.6 Conjurations
 + Level 0.6 Hexes
 + Level 0.6 Summonings
 + Level 0.6 Necromancy
 + Level 5.4 Translocations
 + Level 0.6 Transmutations
 + Level 0.6 Fire Magic
 + Level 0.6 Ice Magic
 + Level 0.6 Air Magic
 + Level 0.6 Earth Magic
 + Level 0.6 Poison Magic
 + Level 1.0 Invocations
 + Level 0.9 Evocations


You had 10 spell levels left.
You knew the following spells:

 Your Spells              Type           Power      Damage    Failure   Level
a - Blink                 Tloc           32%        N/A       4%          2

Your spell library contained the following spells:

 Spells                   Type           Power      Damage    Failure   Level
 Gell's Gravitas          Tloc           16%        N/A       9%          3
 Lesser Beckoning         Tloc           16%        N/A       9%          3
 Teleport Other           Tloc           16%        N/A       9%          3
 Manifold Assault         Tloc           16%        N/A       58%         5


Dungeon Overview and Level Annotations

Branches:
Dungeon (2/15)

Altars:

Shops:
D:1 ?

Annotations:
D:2 Crazy Yiuf, Terence


Innate Abilities, Weirdness & Mutations

You have very sharp teeth.
Your uncanny sense of smell can sniff out nearby items.
Your experience applies equally to all skills.


Message History

No target in view!
Things that are here:
a +0 dagger; a goblin corpse You open the door.
There is an open door here.
There is an open door here.
Found a dagger.
There is an open door here.
Found a stone staircase leading down.
There is an open door here.
Found an escape hatch in the floor.
There is an escape hatch in the floor here.
There is a stone staircase leading down here.
There is an open door here.
There is an open door here.
There is an open door here.
There is an open door here.
There is an open door here.
You see here a +0 dagger.
There is an open door here.
Found a mace.
Found a runed translucent door.
Crazy Yiuf shouts!
As you open the door, it creaks loudly!
Crazy Yiuf screams, "Leather poople return to song!"
You hit Crazy Yiuf but do no damage.
Crazy Yiuf hits you with a +3 quarterstaff of chaos!
You are poisoned.
You closely miss Crazy Yiuf.
You feel very sick.
Crazy Yiuf grits, "Leather horse verde!"
Crazy Yiuf hits you with a +3 quarterstaff of chaos!
* * * LOW HITPOINT WARNING * * *
You feel yourself speed up.
You completely miss Crazy Yiuf.
* * * LOW HITPOINT WARNING * * *
You feel sick.
Unknown command.
You hit Crazy Yiuf.
Crazy Yiuf is moderately wounded.
You die...

..####.##.#####....#
##.#.# #...
...##⌠_⌠#.# ##..##
##....###...
....##.##.## #....#
#...####....
....#⌠.⌠#..# ##...#
#......'....
....##.##@.# ##.##
#...####....
..)###..§.## ##.#
##.......... ..##
###### #.##
##.######.. .## ##.#
#.# ##. ##### #@##
#.# ## ....# #g# #.#
# ###.# ...
#.######## ###.#
#...# #.......##
.##.######## #)..#
#######.#.
...........# #####
##.... .##.########
##..... ....#
#...... #####
#......


You could see Crazy Yiuf.

Vanquished Creatures
  An adder (D:1)
  A dart slug (D:2)
  6 endoplasms
  5 goblins
  4 hobgoblins
  5 ball pythons
  4 bats
  2 frilled lizards (D:1)
  6 kobolds
  2 rats
36 creatures vanquished.

Notes
Turn   | Place    | Note
-------+----------+-------------------------------------------
     0 | D:1      | Ablot the Gnoll Warper began the quest for the Orb.
     0 | D:1      | Reached XP level 1. HP: 20/20 MP: 6/6
   160 | D:1      | Reached XP level 2. HP: 26/26 MP: 7/7
   163 | D:1      | Learned a level 2 spell: Blink
   181 | D:1      | Found Ybaar's Magic Scroll Shop.
   188 | D:1      | Bought a scroll of identify for 24 gold pieces
  1064 | D:1      | Reached skill level 5 in Spellcasting
  1064 | D:1      | Reached XP level 3. HP: 28/31 MP: 7/9
  1232 | D:2      | Reached skill level 1 in Invocations
  1280 | D:2      | Found a faded altar of an unknown god.
  1300 | D:2      | Noticed Terence
  1323 | D:2      | HP: 1/31 [Terence/+3 flail of protection (9)]
  2227 | D:2      | Found a runed translucent door.
  2228 | D:2      | Noticed Crazy Yiuf
  2234 | D:2      | HP: 1/31 [poisoned by Crazy Yiuf]
  2235 | D:2      | Succumbed to Crazy Yiuf's poison

Illustrated notes

Levels and vault maps discovered:
D:1:      saegor_arrival_simple_e, layout_basic, serial_shops, shop,
          minmay_ruptured
D:2:      layout_loops_corners, ebering_ecumenical_altar_hall, uniq_terence,
          uniq_crazy_yiuf_cottage

Skill      XL: |  1  2  3 |
---------------+----------+-----
Spellcasting   | 5 |  5.0
Invocations    | 1 |  1.0
Fighting       | |  4.5
Short Blades   | |  0.9
Long Blades    | |  0.9
Axes           | |  0.9
Maces & Flails | |  0.9
Polearms       | |  4.5
Staves         | |  0.9
Slings         | |  0.9
Bows           | |  0.9
Crossbows      | |  0.9
Throwing       | |  2.6
Armour         | |  2.6
Dodging        | |  4.5
Stealth        | |  0.9
Shields        | |  0.9
Unarmed Combat | |  0.9
Conjurations   | |  0.6
Hexes          | |  0.6
Summonings     | |  0.6
Necromancy     | |  0.6
Translocations | |  5.4
Transmutations | |  0.6
Fire Magic     | |  0.6
Ice Magic      | |  0.6
Air Magic      | |  0.6
Earth Magic    | |  0.6
Poison Magic   | |  0.6
Evocations     | |  0.9

Action                   || total
-------------------------++-------
Melee: Spear             ||   106
       Bite              ||     6
       Punch             ||     1
 Cast: Blink             ||     5
 Stab: Sleeping          ||     2
Armor: Leather armour    ||    24
Dodge: Dodged            ||    47
